 Dungeon Crawl Stone Soup version 0.27.1-33-g824d729ab1 (webtiles) character file.

Game seed: 5874398732313329528

1770 zeram the Unseen (level 9, -5/54 HPs)
             Began as an Octopode Brigand on Dec 12, 2021.
             Was an Initiate of Gozag.
             Slain by a vampire mosquito (6 damage)
             ... summoned by the darkness of Dithmenos
             ... on level 6 of the Dungeon.
             The game lasted 00:12:13 (5601 turns).

zeram the Unseen (Octopode Brigand)                 Turns: 5601, Time: 00:12:15

Health: -5/54      AC:  3    Str: 10    XL:     9   Next: 7%
Magic:  9/9        EV: 18    Int: 16    God:    Gozag
Gold:   215        SH:  7    Dex: 16    Spells: 8/8 levels left

rFire    . . .     SeeInvis .   g - +1 dagger (elec)
rCold    . . .     Faith    .   f - +2 buckler
rNeg     + . .     Spirit   .   (helmet restricted)
rPois    .         Reflect  .   (no amulet)
rElec    .         Harm     .   j - ring of positive energy
rCorr    .         Rampage  .   k - +4 ring of evasion
Will     .....                  (no ring)
Stlth    ++++++....             (no ring)
HPRegen  0.18/turn              (no ring)
MPRegen  0.11/turn              (no ring)
                                (no ring)
                                (no ring)

@: mighty, silenced
A: almost no armour, amphibious, 8 rings, camouflage 1, gelatinous body 1,
(nimble swimmer 1), tentacles, iridescent scales 1, agile 1, mutation resistance
1
a: Renounce Religion


You were on level 6 of the Dungeon.
You worshipped Gozag.
Gozag was aware of your devotion.
You visited 2 branches of the dungeon, and saw 7 of its levels.

You collected 251 gold pieces.
You paid 36 gold pieces to Gozag.

Inventory:

Hand Weapons
 a - a +2 dagger
 g - a +1 dagger of electrocution (weapon)
Missiles
 b - 31 poisoned darts (quivered)
 c - 2 curare-tipped darts
 p - a throwing net
Armour
 f - a +2 buckler (worn)
Jewellery
 j - a ring of positive energy (left tentacle)
 k - a +4 ring of evasion (right tentacle)
Wands
 e - a wand of flame (20)
 l - a wand of charming (9)
Scrolls
 h - 4 scrolls of amnesia
 i - 2 scrolls of identify
Potions
 d - 3 potions of attraction
 m - a potion of mutation
 n - a potion of might
 o - a potion of ambrosia {unknown}
 s - a potion of lignification {unknown}


   Skills:
 - Level 2.2 Fighting
 - Level 7.5 Short Blades
 - Level 2.1 Throwing
 * Level 3.2 Dodging
 + Level 15.0 Stealth
 - Level 5.1 Shields


You had 8 spell levels left.
You didn't know any spells.
Your spell library contained the following spells:

 Spells                   Type           Power      Damage    Failure   Level
 Foxfire                  Conj/Fire      0%         2x1d4     26%         1
 Conjure Flame            Conj/Fire      0%         6-21      58%         3
 Inner Flame              Hex/Fire       0%         N/A       58%         3
 Blade Hands              Tmut           0%         N/A       100%        5
 Iron Shot                Conj/Erth      0%         9d1       100%        6
 Animate Armour           Summ/Erth      Unusable   N/A       N/A         4

Dungeon Overview and Level Annotations

Branches:
Dungeon (6/15)             Temple (1/1) D:4

Altars:
Ashenzari
Cheibriados
Dithmenos
Elyvilon
Fedhas
Gozag
Hepliaklqana
Makhleb
Nemelex Xobeh
Okawaru
Qazlal
Ru
Sif Muna
Trog
Uskayaw
Vehumet
Wu Jian
Xom
Yredelemnul
Zin
The Shining One

Shops:
D:4 =


Innate Abilities, Weirdness & Mutations

You cannot wear most types of armour.
You are amphibious.
You can wear up to eight rings at the same time.
Your skin changes colour to match your surroundings (Stealth+).
Your rubbery body absorbs attacks. (AC +1, EV +1)
((You are camouflaged near water. (Stealth+)))
You have tentacles for arms and can constrict up to eight enemies at once.
You are partially covered in iridescent scales. (AC +2)
You are agile. (Dex +2)
You are somewhat resistant to further mutation.


Message History

The vampire mosquito completely misses you.
The vampire mosquito barely misses you. The vampire mosquito bites you.
* * * LOW HITPOINT WARNING * * *
The vampire mosquito draws strength from your injuries!
Okay, then.
As you read the scroll labelled ROMUOL TANAHA, it crumbles to dust.
A profound silence engulfs you.
It was a scroll of silence.
You block the vampire mosquito's attack.
The vampire mosquito misses you.
The vampire mosquito completely misses you.
The vampire mosquito barely misses you.
The vampire mosquito completely misses you.
The vampire mosquito closely misses you.
The vampire mosquito bites you.
* * * LOW HITPOINT WARNING * * *
The vampire mosquito draws strength from your injuries!
It was a potion of might.
You feel very mighty all of a sudden. The vampire mosquito bites you!
* * * LOW HITPOINT WARNING * * *
The vampire mosquito completely misses you.
It was a potion of mutation.
You feel extremely strange.
You feel agile.
You feel genetically stable.
Iridescent scales grow over part of your body.
The vampire mosquito closely misses you.
The vampire mosquito misses you.
You block the vampire mosquito's attack. x2
The vampire mosquito misses you.
The vampire mosquito completely misses you.
You block the vampire mosquito's attack.
The vampire mosquito completely misses you.
Magic scrolls do not work when you're silenced!
You feel better.
The vampire mosquito closely misses you. x2
The vampire mosquito bites you!
* * * LOW HITPOINT WARNING * * *
The vampire mosquito draws strength from your injuries!
The vampire mosquito bites you.
You die...
Your body crumbles into a pile of gold.

......#.....#.....#..#
.....#.....# ....#..#
###################..#
.....................#
.....................#
###################..#
..y...#.....#.....#..#
°○☼R..#..☼R.#..yy.#..#
'###s.#.○#y.#y.#@.#..#
$$y#..#..#.○#..#..#..#
S8$#..y..#..R..#.....#
.y.#....)#.....#.....#
######################


You could see 2 vampire mosquitoes.

Vanquished Creatures
  A troll (D:6)
  A black bear (D:6)
  A necrophage (D:6)
  3 ogres
  A phantom (D:6)
  A centaur (D:5)
  2 bullfrogs (D:6)
  A scorpion (D:5)
  3 water moccasin skeletons
  A centaur zombie (D:6)
  4 bullfrog skeletons
  A bullfrog zombie (D:5)
  3 iguanas
  A gnoll shaman (D:5)
  Ijyb (D:3)
  An orc wizard (D:6)
  A killer bee zombie (D:6)
  A hound zombie (D:5)
  2 hound skeletons
  A howler monkey skeleton (D:6)
  3 gnolls (D:5)
  2 adders
  2 shadow imps (D:6)
  An adder zombie (D:2)
  An adder skeleton (D:2)
  2 dart slugs
  2 worms
  9 orcs
  5 ball pythons
  A bat skeleton (D:2)
  A bat zombie (D:2)
  8 endoplasms
  5 giant cockroaches
  16 goblins
  7 hobgoblins
  3 jackals (D:2)
  7 kobolds
  A quokka (D:2)
  A ball python zombie (D:2)
  4 bats
  4 frilled lizards (D:1)
  A quokka zombie (D:2)
  10 rats
127 creatures vanquished.

Vanquished Creatures (others)
  A giant cockroach (D:4)
1 creature vanquished.

Grand Total: 128 creatures vanquished

Notes
Turn   | Place    | Note
-------+----------+-------------------------------------------
     0 | D:1      | zeram the Octopode Brigand began the quest for the Orb.
     0 | D:1      | Reached XP level 1. HP: 14/14 MP: 1/1
   169 | D:1      | Reached XP level 2. HP: 19/19 MP: 2/2
   293 | D:1      | Reached skill level 6 in Stealth
   911 | D:1      | Reached XP level 3. HP: 24/24 MP: 3/3
  1867 | D:2      | Reached skill level 7 in Stealth
  1869 | D:2      | Reached XP level 4. HP: 20/29 MP: 4/4
  2304 | D:3      | Noticed Ijyb
  2309 | D:3      | Reached skill level 1 in Shields
  2315 | D:3      | HP: 1/29 [Ijyb/puff of flame (9)]
  2321 | D:3      | Reached skill level 12 in Stealth
  2321 | D:3      | Reached skill level 5 in Shields
  2321 | D:3      | Reached XP level 5. HP: 8/34 MP: 5/5
  2340 | D:3      | Killed Ijyb
  2710 | D:3      | Found a shimmering blue altar of Sif Muna.
  2769 | D:3      | Found an iron altar of Okawaru.
  2769 | D:3      | Found a basalt altar of Yredelemnul.
  2973 | D:3      | Reached XP level 6. HP: 39/39 MP: 6/6
  2973 | D:3      | Found a white marble altar of Elyvilon.
  2982 | D:3      | Found a hide-covered altar of Uskayaw.
  2982 | D:3      | Found a glowing golden altar of the Shining One.
  3255 | D:4      | Found Idwyn's Jewellery Emporium.
  3467 | D:4      | Found a radiant altar of Vehumet.
  3795 | D:4      | Found a staircase to the Ecumenical Temple.
  3812 | Temple   | Entered the Ecumenical Temple
  4038 | Temple   | Became a worshipper of Dithmenos the Shadowed
  4423 | D:5      | Entered Level 5 of the Dungeon
  4475 | D:5      | Reached XP level 7. HP: 45/45 MP: 7/7
  4503 | D:5      | Reached skill level 13 in Stealth
  4908 | D:5      | Reached XP level 8. HP: 50/50 MP: 8/8
  4914 | D:5      | Found an opulent altar of Gozag.
  5107 | D:5      | Fell from the grace of Dithmenos
  5107 | D:5      | Became a worshipper of Gozag Ym Sagoz the Greedy
  5385 | D:6      | Reached skill level 14 in Stealth
  5399 | D:6      | Noticed a troll
  5407 | D:6      | Killed a troll
  5532 | D:6      | Reached XP level 9. HP: 43/54 MP: 9/9
  5534 | D:6      | Reached skill level 15 in Stealth
  5579 | D:6      | Noticed an efreet
  5595 | D:6      | Gained mutation: You are agile. (Dex +2) [potion of
                  | mutation]
  5595 | D:6      | Gained mutation: You are somewhat resistant to further
                  | mutation. [potion of mutation]
  5595 | D:6      | Gained mutation: You are partially covered in iridescent
                  | scales. (AC +2) [potion of mutation]
  5601 | D:6      | HP: 1/54 [vampire mosquito[the darkness of Dithmenos] (9)]
  5601 | D:6      | Slain by a vampire mosquito

Illustrated notes

Levels and vault maps discovered:
D:1:      minmay_arrival_diagonal_passages, layout_basic, chequers_avenue
D:2:      layout_rooms, serial_undead, serial_undead_a, serial_undead_a,
          serial_undead_f, serial_undead_a, chequers_decorated_corner,
          minmay_pentomino_x2
D:3:      kennysheep_the_goblin_king, layout_loops_corners, minitemple,
          gammafunk_temple_overflow_forgotten
D:4:      layout_layer_cave, fiery_altar_vehumet, temple_green, serial_shops,
          shop, hangedman_decor_points, serial_bayou_pond_a
D:5:      layout_rooms, kennysheep_mini_moat
D:6:      kennysheep_windowed_halls, layout_basic, serial_shops,
          nicolae_shop_temple_entry_statues_fountains, minmay_misc_feat_iff,
          hex_medium
Temple:   nicolae_temple_figure_eight

Skill      XL: |  1  2  3  4  5  6  7  8  9 |
---------------+----------------------------+-----
Stealth        | 6 7 12 13 14 15 | 15.0
Shields        | 5 |  5.1
Short Blades   | 7 |  7.5
Dodging        | 2 3 |  3.2
Fighting       | |  2.2
Throwing       | |  2.1

Action                   |  1- 3 |  4- 6 |  7- 9 || total
-------------------------+-------+-------+-------++-------
Melee: Dagger            |    72 |    80 |    76 ||   228
       Constrict         |    17 |    18 |    14 ||    49
       Tentacles         |     9 |    12 |    13 ||    34
  Use: Scroll            |       |    10 |     3 ||    13
       Potion            |       |     4 |     3 ||     7
 Stab: Sleeping          |    20 |    16 |    16 ||    52
       Distracted        |     1 |     2 |     1 ||     4
Armor: Skin              |     7 |     5 |       ||    12
Dodge: Dodged            |    21 |    34 |    39 ||    94
Block: Buckler           |     1 |    17 |    20 ||    38
